nht, chaotic female elven Wizard ----------------------------------------------- -----------------------------|.|.......|.............................|.....| |.......|...|...|.......|...||.|.....................................|..>..| |.------|.|.|.|.|.|%---.|--.||.|.......|.......------...------.....--|.....| |.|.....|.|(..|...|.|.|.|...||.|-------|.....................|.......|.....| |.|.---.|.|-------|.|.|.|.|.||.|.......+.....+........|..............+.....| |.|.|.|.|.|.......|.|...|.|.||.|.............|--------.......|.......|.....| |.|.|.|.|.|----.|.|.|.---.|.||.|------.`.....|.[[........-----.....--------| |.|...|...|.....|.|.|.|...|.||.|.......`.....-..............|......|.......| |.---.----|.---.|--.|.|.---.||.|.............|.............................| |...|.....|.|...|...|...|...|-.-------W-H...-----------............|.......| |.|.-----.|.----|.-----.|----..........@Z...|.........|----........|--...--| |.|.<.|...|.....|.|...................W.....|--------.|....................| |.|.--|.-------.|.-----.|.---........)......|.......|.|.......-....|.......| |.|...|.|.......|.....|.|.|.|-.--------.....|.......|.|.......|....|---...-| |.---.|.|.-----.|----.---.|.||.|......|.....|.......|----------....|.......| |...|.|.|...|.|.|...|.....|.||.|......+.....-.......|..............-.......| |--.|.|.---.|.|.|.|.-------.||.|.._...|.....|.)`....|..............|.......| |...|.......|.....|.........||.|......|.....|..(*`..|..............|.......| ---------------------------------------------------------------------------- nht the Magician Experience level: 11 Strength: 10 Dexterity: 6 Constitution: 15 Intelligence: 20 Wisdom: 11 Charisma: 10 Health: 0(72) Energy: 41(139) Def: 1 Gold: 680 Moves: 2121 Dungeon seed: ETmpv51Yy6WK-Dj8 Game ID: nht_1435481162 Your Inventory: Coins $ - 680 gold pieces Amulets m - a cursed amulet of strangulation o - an uncursed amulet of life saving p - a blessed amulet of reflection (being worn) M - an uncursed amulet of ESP U - an uncursed amulet of unchanging W - a cursed amulet of change Weapons a - a blessed burnt +1 quarterstaff Armor q - an uncursed +0 pair of speed boots (being worn) Y - an uncursed +0 pair of leather gloves Rings c - an uncursed ring of conflict d - an uncursed +1 ring of gain strength w - an uncursed +4 ring of adornment D - an uncursed ring of fire resistance I - a blessed ring of polymorph control (on left hand) S - a cursed ring of aggravate monster T - an uncursed ring of invisibility Z - an uncursed +1 ring of increase damage Wands l - a wand of digging (0:4) r - a wand of light (0:13) t - a wand of speed monster (0:4) B - a wand of fire (0:6) E - a wand of wishing (1:0) F - a wand of sleep (0:5) J - a wand of create monster (0:14) P - a wand of striking (0:5) Q - a wand of polymorph (0:2) X - a wand of fire (0:5) Tools b - an uncursed sack f - a frost horn (0:0) i - an uncursed oil lamp (lit) (0:284) n - a magic marker (1:26) v - an uncursed skeleton key x - a +0 pick-axe (weapon in hand) z - a fireproof magic marker named u (0:23) K - the uncursed Candelabrum of Invocation (7 candles attached) (0:15) V - an uncursed magic whistle Contents of the sack: 2 blessed scrolls of blank paper 2 uncursed scrolls of blank paper an uncursed scroll of create monster 2 uncursed scrolls of destroy armor 2 uncursed scrolls of enchant armor an uncursed scroll of fire an uncursed scroll of identify an uncursed scroll of punishment 2 uncursed scrolls of remove curse a blessed scroll of scare monster an uncursed scroll of stinking cloud 3 uncursed scrolls of teleportation an uncursed spellbook of blank paper an uncursed potion of healing an uncursed potion of see invisible an uncursed potion of water Spells known in the end: Name Level Category Fail Memory a - force bolt 1 attack 0% 90% b - magic missile 2 attack 0% 90% c - slow monster 2 enchantment 0% 90% d - detect monsters 1 divination 0% 90% e - sleep 1 enchantment 0% 97% f - jumping 1 escape 0% 97% g - healing 1 healing 0% 97% Your skills at the end: Fighting Skills Weapon Skills quarterstaff [Skilled] Spellcasting Skills attack spells [Basic] enchantment spells [Basic] Final Attributes: You were piously aligned. You were sleep resistant. You were telepathic. You had infravision. You had polymorph control. You were very fast. You had reflection. You are dead. Vanquished creatures: a titan a purple worm a silver dragon a red dragon an orange dragon a minotaur a demilich Vlad the Impaler 3 vampire lords a skeleton a lich an ettin 7 vampires a lieutenant a fire giant an ogre king a stalker an air elemental 3 xorns an elf-lord a small mimic 5 trolls a mountain centaur an elf mummy 2 red nagas a green slime a wraith an ettin zombie 10 soldiers a leprechaun 4 giant spiders 3 vampire bats an orc mummy 3 rust monsters a dwarf lord 2 dust vortices a gnome mummy a snake a fire ant a bugbear a shrieker 11 gnome lords 3 gnomish wizards a kobold mummy an elf zombie a floating eye 11 dwarves 2 orc zombies an acid blob 2 hobbits 2 red molds 39 gnomes a gnome zombie 2 geckos 2 jackals a goblin a grid bug a kobold zombie a newt 156 creatures vanquished. Voluntary challenges: You used a wielded weapon 240 times, starting on turn 17. You read items or engraved 64 times, starting on turn 28. You never genocided any monsters. You polymorphed 1 item, starting on turn 1987. You changed form 2 times, starting on turn 1537. You used 3 wishes, starting on turn 1536. You did not wish for any artifacts. You never split a pudding. You wrote Elbereth's name 19 times, starting on turn 913. You never violated your personal moral code. You disabled loading bones files. Dungeon overview: The Dungeons of Doom: levels 1 to 27 Level 1 a fountain a long staircase Level 2 (books) a bookstore, a fountain Level 3 a fountain stairs to The Gnomish Mines Level 4 a fountain Level 5 Level 6 Level 7 a scroll shop Level 8 Level 9 Level 10 Level 11 Level 12 (quest) Level 13 Level 14 Level 15 Level 16 Level 17 an altar to Anhur Level 18 Level 19 Level 20 Level 21 Level 22 Level 23 a general store Level 24 Level 25 Level 26 Level 27 Gehennom: levels 28 to 41 Level 28 a temple to Moloch stairs to The Dungeons of Doom Level 29 Level 30 Level 31 Level 32 Level 33 Level 34 (juib) Level 35 Level 36 Level 37 Level 38 Level 39 Level 40 stairs to Vlad's Tower Level 41 (orcus) <- You were here some shops, an altar to Moloch The Gnomish Mines: levels 4 to 11 Level 4 stairs to The Dungeons of Doom Level 5 Level 6 many shops, a temple to Ptah, some fountains, some trees Level 7 Level 8 Level 9 Level 10 Level 11 Vlad's Tower: levels 37 to 39 Level 37 Level 38 Level 39 stairs to Gehennom History has recorded: On T:1 you entered the Dungeons of Doom to retrieve the Amulet of Yendor! On T:38 you reached level 2 of The Dungeons of Doom. On T:98 you reached level 3 of The Dungeons of Doom. On T:118 you reached level 4 of The Dungeons of Doom. On T:148 you advanced to experience level 2. On T:179 you reached level 5 of The Dungeons of Doom. On T:278 you reached level 1 of The Gnomish Mines. On T:280 you advanced to experience level 3. On T:303 you reached level 2 of The Gnomish Mines. On T:325 you advanced to experience level 4. On T:348 you reached level 5 of The Gnomish Mines. On T:359 you advanced to experience level 5. On T:430 you reached level 6 of The Gnomish Mines. On T:433 you advanced to experience level 6. On T:500 you reached level 7 of The Gnomish Mines. On T:538 you reached level 8 of The Gnomish Mines. On T:602 you advanced to experience level 7. On T:754 you reached level 4 of The Gnomish Mines. On T:819 you reached level 3 of The Gnomish Mines. On T:1009 you reached level 6 of The Dungeons of Doom. On T:1032 you reached level 7 of The Dungeons of Doom. On T:1085 you reached level 8 of The Dungeons of Doom. On T:1103 you reached level 9 of The Dungeons of Doom. On T:1118 you reached level 10 of The Dungeons of Doom. On T:1133 you reached level 11 of The Dungeons of Doom. On T:1147 you reached level 12 of The Dungeons of Doom. On T:1163 you reached level 13 of The Dungeons of Doom. On T:1179 you reached level 14 of The Dungeons of Doom. On T:1193 you reached level 15 of The Dungeons of Doom. On T:1207 you reached level 16 of The Dungeons of Doom. On T:1225 you reached level 17 of The Dungeons of Doom. On T:1246 you reached level 18 of The Dungeons of Doom. On T:1260 you reached level 19 of The Dungeons of Doom. On T:1282 you reached level 20 of The Dungeons of Doom. On T:1299 you reached level 21 of The Dungeons of Doom. On T:1300 you reached level 22 of The Dungeons of Doom. On T:1321 you reached level 23 of The Dungeons of Doom. On T:1360 you reached level 24 of The Dungeons of Doom. On T:1375 you reached level 25 of The Dungeons of Doom. On T:1391 you reached level 26 of The Dungeons of Doom. On T:1405 you reached The Castle. On T:1449 you advanced to experience level 8. On T:1536 you wished for "blessed fixed ring of polymorph control". On T:1540 you wished for "blessed fixed amulet of reflection". On T:1543 you advanced to experience level 9. On T:1594 you wished for "uncursed fixed magic marker". On T:1618 you advanced to experience level 10. On T:1622 you reached The Valley of the Dead. On T:1739 you reached level 2 of Gehennom. On T:1753 you reached level 3 of Gehennom. On T:1762 you reached level 4 of Gehennom. On T:1765 you reached level 5 of Gehennom. On T:1782 you reached level 6 of Gehennom. On T:1788 you reached level 7 of Gehennom. On T:1797 you reached level 8 of Gehennom. On T:1805 you reached level 9 of Gehennom. On T:1815 you reached level 10 of Gehennom. On T:1834 you reached level 11 of Gehennom. On T:1843 you reached level 12 of Gehennom. On T:1851 you reached level 13 of Gehennom. On T:1853 you reached level 3 of Vlad's Tower. On T:1889 you reached level 2 of Vlad's Tower. On T:1927 you reached level 1 of Vlad's Tower. On T:1935 you advanced to experience level 11. On T:1959 you killed Vlad the Impaler on level 1 of Vlad's Tower. On T:2079 you reached level 14 of Gehennom. Score breakdown: Gold: 680 ( 9637 points) Experience: 11 levels (17616 points) Exploration: 41 levels ( 85.42%) (27675 points) Discoveries: 36 items ( 13.00%) (10815 points) Valuables value: (no points given unless you survive) Artifact value: 5000 (12582 points) Variety of kills: 59 monsters ( 15.57%) (11836 points) Time penalty: 2121 turns ( -87 points) Survival: died (score multiplied by 80%) Total score: 72059 Latest messages: F - an uncursed wand of sleep. t - an uncursed wand of speed monster. E - an uncursed wand of wishing. f - an uncursed frost horn. v - an uncursed key. n - a magic marker (0:14). z - an uncursed magic marker named u. V - an uncursed magic whistle. i - an uncursed oil lamp (lit). x - an uncursed pick-axe. b - an uncursed sack. G - 7 uncursed tallow candles. You start digging downward. You dig a pit in the floor. The shade touches you! You are frozen by the shade! The shade touches you! You return to elven form! Your movements are slowed slightly because of your load. The shade touches you! (2x) The minotaur hits! (2x) The minotaur butts! The minotaur hits! You die... Final status: Goodbye nht the Wizard, killed by a minotaur, while paralyzed by a monster's touch... You died in Gehennom on dungeon level 41 with 72059 points, and 680 pieces of gold, after 2121 moves. You were level 11 with a maximum of 72 hit points when you died.